Workbook

Sheet Read me
A1: Tuition centre management system
A3: Made-up data: every name, amount, shop and date in this file is made up for practice. Replace it with your own.
A4: Yellow cells are inputs: type over them. Green cells hold formulas: do not type over them. Blue rows are headers and totals.
A5: From ravindrabagale.com, Excel course, Excel Business Management Systems. By Ravindra Bagale.
A7: Sheets: Setup (groups, tutors, monthly fees), Learners, Fees, Tests, Progress card (printable), Report, Dashboard.
A8: New learner: add a row in Learners with the group and joining month. Fees and test marks are one row each in their sheets.
A9: Discounts are your decision; type them as a % in Learners.

Sheet Setup
A1: Tuition Centre Management System: Setup (Shraddha Tuition Centre, Nashik)
A2: Made-up groups, fees, learners and test marks. Monthly fees are charged from the joining month.
A3: As-of date | B3: 46312
A4: Centre | B4: Shraddha Tuition Centre, Nashik
A6: Group code | B6: Group | C6: Tutor | D6: Monthly fee (₹) | F6: Payment modes
A7: M10 | B7: Maths, Std 10 | C7: Shraddha Bagale | D7: 1800 | F7: Cash
A8: S10 | B8: Science, Std 10 | C8: Ravindra Bagale | D8: 1800 | F8: UPI
A9: E09 | B9: English, Std 9 | C9: Zoya | D9: 1200
A10: M09 | B10: Maths, Std 9 | C10: Shraddha Bagale | D10: 1500

Sheet Learners
A1: Learners and fee status
A2: Months due counts the joining month up to the as-of month. Fee due = months × monthly fee × (1 − discount).
A4: Learner ID | B4: Name | C4: Group | D4: Joined (month) | E4: Discount % | F4: Monthly fee (₹) | G4: Months due | H4: Fee due (₹) | I4: Paid (₹) | J4: Balance (₹) | K4: Average test % | L4: Rank
A5: T01 | B5: Ruhi Bagale | C5: M10 | D5: 46174 | E5: 0 | F5: =_xlfn.XLOOKUP(C5,Setup!$A$7:$A$10,Setup!$D$7:$D$10,0) | G5: =(YEAR(Setup!$B$3)-YEAR(D5))*12+MONTH(Setup!$B$3)-MONTH(D5)+1 | H5: =ROUND(G5*F5*(1-E5),0) | I5: =SUMIFS(Fees!$D$5:$D$500,Fees!$B$5:$B$500,A5) | J5: =H5-I5 | K5: =AVERAGEIFS(Tests!$G$5:$G$500,Tests!$C$5:$C$500,A5) | L5: =RANK(K5,$K$5:$K$16)
A6: T02 | B6: Raja More | C6: M10 | D6: 46174 | E6: 0 | F6: =_xlfn.XLOOKUP(C6,Setup!$A$7:$A$10,Setup!$D$7:$D$10,0) | G6: =(YEAR(Setup!$B$3)-YEAR(D6))*12+MONTH(Setup!$B$3)-MONTH(D6)+1 | H6: =ROUND(G6*F6*(1-E6),0) | I6: =SUMIFS(Fees!$D$5:$D$500,Fees!$B$5:$B$500,A6) | J6: =H6-I6 | K6: =AVERAGEIFS(Tests!$G$5:$G$500,Tests!$C$5:$C$500,A6) | L6: =RANK(K6,$K$5:$K$16)
A7: T03 | B7: Rani Patil | C7: S10 | D7: 46174 | E7: 0.1 | F7: =_xlfn.XLOOKUP(C7,Setup!$A$7:$A$10,Setup!$D$7:$D$10,0) | G7: =(YEAR(Setup!$B$3)-YEAR(D7))*12+MONTH(Setup!$B$3)-MONTH(D7)+1 | H7: =ROUND(G7*F7*(1-E7),0) | I7: =SUMIFS(Fees!$D$5:$D$500,Fees!$B$5:$B$500,A7) | J7: =H7-I7 | K7: =AVERAGEIFS(Tests!$G$5:$G$500,Tests!$C$5:$C$500,A7) | L7: =RANK(K7,$K$5:$K$16)
A8: T04 | B8: Amir Shaikh | C8: S10 | D8: 46204 | E8: 0 | F8: =_xlfn.XLOOKUP(C8,Setup!$A$7:$A$10,Setup!$D$7:$D$10,0) | G8: =(YEAR(Setup!$B$3)-YEAR(D8))*12+MONTH(Setup!$B$3)-MONTH(D8)+1 | H8: =ROUND(G8*F8*(1-E8),0) | I8: =SUMIFS(Fees!$D$5:$D$500,Fees!$B$5:$B$500,A8) | J8: =H8-I8 | K8: =AVERAGEIFS(Tests!$G$5:$G$500,Tests!$C$5:$C$500,A8) | L8: =RANK(K8,$K$5:$K$16)
A9: T05 | B9: Zoya Khan | C9: E09 | D9: 46174 | E9: 0 | F9: =_xlfn.XLOOKUP(C9,Setup!$A$7:$A$10,Setup!$D$7:$D$10,0) | G9: =(YEAR(Setup!$B$3)-YEAR(D9))*12+MONTH(Setup!$B$3)-MONTH(D9)+1 | H9: =ROUND(G9*F9*(1-E9),0) | I9: =SUMIFS(Fees!$D$5:$D$500,Fees!$B$5:$B$500,A9) | J9: =H9-I9 | K9: =AVERAGEIFS(Tests!$G$5:$G$500,Tests!$C$5:$C$500,A9) | L9: =RANK(K9,$K$5:$K$16)
A10: T06 | B10: Salman Patel | C10: E09 | D10: 46235 | E10: 0 | F10: =_xlfn.XLOOKUP(C10,Setup!$A$7:$A$10,Setup!$D$7:$D$10,0) | G10: =(YEAR(Setup!$B$3)-YEAR(D10))*12+MONTH(Setup!$B$3)-MONTH(D10)+1 | H10: =ROUND(G10*F10*(1-E10),0) | I10: =SUMIFS(Fees!$D$5:$D$500,Fees!$B$5:$B$500,A10) | J10: =H10-I10 | K10: =AVERAGEIFS(Tests!$G$5:$G$500,Tests!$C$5:$C$500,A10) | L10: =RANK(K10,$K$5:$K$16)
A11: T07 | B11: Ravina Jadhav | C11: M09 | D11: 46174 | E11: 0 | F11: =_xlfn.XLOOKUP(C11,Setup!$A$7:$A$10,Setup!$D$7:$D$10,0) | G11: =(YEAR(Setup!$B$3)-YEAR(D11))*12+MONTH(Setup!$B$3)-MONTH(D11)+1 | H11: =ROUND(G11*F11*(1-E11),0) | I11: =SUMIFS(Fees!$D$5:$D$500,Fees!$B$5:$B$500,A11) | J11: =H11-I11 | K11: =AVERAGEIFS(Tests!$G$5:$G$500,Tests!$C$5:$C$500,A11) | L11: =RANK(K11,$K$5:$K$16)
A12: T08 | B12: Shahrukh Ansari | C12: M09 | D12: 46266 | E12: 0 | F12: =_xlfn.XLOOKUP(C12,Setup!$A$7:$A$10,Setup!$D$7:$D$10,0) | G12: =(YEAR(Setup!$B$3)-YEAR(D12))*12+MONTH(Setup!$B$3)-MONTH(D12)+1 | H12: =ROUND(G12*F12*(1-E12),0) | I12: =SUMIFS(Fees!$D$5:$D$500,Fees!$B$5:$B$500,A12) | J12: =H12-I12 | K12: =AVERAGEIFS(Tests!$G$5:$G$500,Tests!$C$5:$C$500,A12) | L12: =RANK(K12,$K$5:$K$16)
A13: T09 | B13: Raja Kulkarni | C13: M10 | D13: 46204 | E13: 0.1 | F13: =_xlfn.XLOOKUP(C13,Setup!$A$7:$A$10,Setup!$D$7:$D$10,0) | G13: =(YEAR(Setup!$B$3)-YEAR(D13))*12+MONTH(Setup!$B$3)-MONTH(D13)+1 | H13: =ROUND(G13*F13*(1-E13),0) | I13: =SUMIFS(Fees!$D$5:$D$500,Fees!$B$5:$B$500,A13) | J13: =H13-I13 | K13: =AVERAGEIFS(Tests!$G$5:$G$500,Tests!$C$5:$C$500,A13) | L13: =RANK(K13,$K$5:$K$16)
A14: T10 | B14: Rani Deshmukh | C14: S10 | D14: 46174 | E14: 0 | F14: =_xlfn.XLOOKUP(C14,Setup!$A$7:$A$10,Setup!$D$7:$D$10,0) | G14: =(YEAR(Setup!$B$3)-YEAR(D14))*12+MONTH(Setup!$B$3)-MONTH(D14)+1 | H14: =ROUND(G14*F14*(1-E14),0) | I14: =SUMIFS(Fees!$D$5:$D$500,Fees!$B$5:$B$500,A14) | J14: =H14-I14 | K14: =AVERAGEIFS(Tests!$G$5:$G$500,Tests!$C$5:$C$500,A14) | L14: =RANK(K14,$K$5:$K$16)
A15: T11 | B15: Ravina More | C15: E09 | D15: 46204 | E15: 0 | F15: =_xlfn.XLOOKUP(C15,Setup!$A$7:$A$10,Setup!$D$7:$D$10,0) | G15: =(YEAR(Setup!$B$3)-YEAR(D15))*12+MONTH(Setup!$B$3)-MONTH(D15)+1 | H15: =ROUND(G15*F15*(1-E15),0) | I15: =SUMIFS(Fees!$D$5:$D$500,Fees!$B$5:$B$500,A15) | J15: =H15-I15 | K15: =AVERAGEIFS(Tests!$G$5:$G$500,Tests!$C$5:$C$500,A15) | L15: =RANK(K15,$K$5:$K$16)
A16: T12 | B16: Amir Khan | C16: M09 | D16: 46174 | E16: 0 | F16: =_xlfn.XLOOKUP(C16,Setup!$A$7:$A$10,Setup!$D$7:$D$10,0) | G16: =(YEAR(Setup!$B$3)-YEAR(D16))*12+MONTH(Setup!$B$3)-MONTH(D16)+1 | H16: =ROUND(G16*F16*(1-E16),0) | I16: =SUMIFS(Fees!$D$5:$D$500,Fees!$B$5:$B$500,A16) | J16: =H16-I16 | K16: =AVERAGEIFS(Tests!$G$5:$G$500,Tests!$C$5:$C$500,A16) | L16: =RANK(K16,$K$5:$K$16)

Sheet Fees
A1: Fee payments (one row per payment)
A2: A payment can cover several months; type the months it covers for your own reference.
A4: Date | B4: Learner ID | C4: Name | D4: Amount (₹) | E4: Months covered | F4: Mode
A5: 46178 | B5: T01 | C5: =_xlfn.XLOOKUP(B5,Learners!$A$5:$A$200,Learners!$B$5:$B$200,"Check ID") | D5: 3600 | E5: 2 | F5: UPI
A6: 46178 | B6: T02 | C6: =_xlfn.XLOOKUP(B6,Learners!$A$5:$A$200,Learners!$B$5:$B$200,"Check ID") | D6: 3600 | E6: 2 | F6: UPI
A7: 46178 | B7: T03 | C7: =_xlfn.XLOOKUP(B7,Learners!$A$5:$A$200,Learners!$B$5:$B$200,"Check ID") | D7: 3240 | E7: 2 | F7: UPI
A8: 46178 | B8: T05 | C8: =_xlfn.XLOOKUP(B8,Learners!$A$5:$A$200,Learners!$B$5:$B$200,"Check ID") | D8: 2400 | E8: 2 | F8: Cash
A9: 46178 | B9: T07 | C9: =_xlfn.XLOOKUP(B9,Learners!$A$5:$A$200,Learners!$B$5:$B$200,"Check ID") | D9: 3000 | E9: 2 | F9: UPI
A10: 46178 | B10: T10 | C10: =_xlfn.XLOOKUP(B10,Learners!$A$5:$A$200,Learners!$B$5:$B$200,"Check ID") | D10: 3600 | E10: 2 | F10: UPI
A11: 46178 | B11: T12 | C11: =_xlfn.XLOOKUP(B11,Learners!$A$5:$A$200,Learners!$B$5:$B$200,"Check ID") | D11: 3000 | E11: 2 | F11: UPI
A12: 46208 | B12: T04 | C12: =_xlfn.XLOOKUP(B12,Learners!$A$5:$A$200,Learners!$B$5:$B$200,"Check ID") | D12: 3600 | E12: 2 | F12: UPI
A13: 46208 | B13: T09 | C13: =_xlfn.XLOOKUP(B13,Learners!$A$5:$A$200,Learners!$B$5:$B$200,"Check ID") | D13: 3240 | E13: 2 | F13: UPI
A14: 46208 | B14: T11 | C14: =_xlfn.XLOOKUP(B14,Learners!$A$5:$A$200,Learners!$B$5:$B$200,"Check ID") | D14: 2400 | E14: 2 | F14: Cash
A15: 46239 | B15: T01 | C15: =_xlfn.XLOOKUP(B15,Learners!$A$5:$A$200,Learners!$B$5:$B$200,"Check ID") | D15: 3600 | E15: 2 | F15: Cash
A16: 46239 | B16: T02 | C16: =_xlfn.XLOOKUP(B16,Learners!$A$5:$A$200,Learners!$B$5:$B$200,"Check ID") | D16: 3600 | E16: 2 | F16: Cash
... A30: 46300 | B30: T07 | C30: =_xlfn.XLOOKUP(B30,Learners!$A$5:$A$200,Learners!$B$5:$B$200,"Check ID") | D30: 1500 | E30: 1 | F30: Cash

Sheet Tests
A1: Test marks (one row per learner per test)
A2: Percent = marks ÷ maximum. The key column numbers each learner's tests for the progress card.
A4: Date | B4: Test | C4: Learner ID | D4: Group | E4: Marks | F4: Max | G4: % | H4: Key
A5: 46248 | B5: Unit test 1 | C5: T01 | D5: =_xlfn.XLOOKUP(C5,Learners!$A$5:$A$200,Learners!$C$5:$C$200,"") | E5: 22 | F5: 25 | G5: =E5/F5 | H5: =C5&"-"&COUNTIF($C$5:C5,C5)
A6: 46248 | B6: Unit test 1 | C6: T02 | D6: =_xlfn.XLOOKUP(C6,Learners!$A$5:$A$200,Learners!$C$5:$C$200,"") | E6: 15 | F6: 25 | G6: =E6/F6 | H6: =C6&"-"&COUNTIF($C$5:C6,C6)
A7: 46248 | B7: Unit test 1 | C7: T03 | D7: =_xlfn.XLOOKUP(C7,Learners!$A$5:$A$200,Learners!$C$5:$C$200,"") | E7: 20 | F7: 25 | G7: =E7/F7 | H7: =C7&"-"&COUNTIF($C$5:C7,C7)
A8: 46248 | B8: Unit test 1 | C8: T04 | D8: =_xlfn.XLOOKUP(C8,Learners!$A$5:$A$200,Learners!$C$5:$C$200,"") | E8: 18 | F8: 25 | G8: =E8/F8 | H8: =C8&"-"&COUNTIF($C$5:C8,C8)
A9: 46248 | B9: Unit test 1 | C9: T05 | D9: =_xlfn.XLOOKUP(C9,Learners!$A$5:$A$200,Learners!$C$5:$C$200,"") | E9: 21 | F9: 25 | G9: =E9/F9 | H9: =C9&"-"&COUNTIF($C$5:C9,C9)
A10: 46248 | B10: Unit test 1 | C10: T07 | D10: =_xlfn.XLOOKUP(C10,Learners!$A$5:$A$200,Learners!$C$5:$C$200,"") | E10: 12 | F10: 25 | G10: =E10/F10 | H10: =C10&"-"&COUNTIF($C$5:C10,C10)
A11: 46248 | B11: Unit test 1 | C11: T09 | D11: =_xlfn.XLOOKUP(C11,Learners!$A$5:$A$200,Learners!$C$5:$C$200,"") | E11: 19 | F11: 25 | G11: =E11/F11 | H11: =C11&"-"&COUNTIF($C$5:C11,C11)
A12: 46248 | B12: Unit test 1 | C12: T10 | D12: =_xlfn.XLOOKUP(C12,Learners!$A$5:$A$200,Learners!$C$5:$C$200,"") | E12: 14 | F12: 25 | G12: =E12/F12 | H12: =C12&"-"&COUNTIF($C$5:C12,C12)
A13: 46248 | B13: Unit test 1 | C13: T11 | D13: =_xlfn.XLOOKUP(C13,Learners!$A$5:$A$200,Learners!$C$5:$C$200,"") | E13: 23 | F13: 25 | G13: =E13/F13 | H13: =C13&"-"&COUNTIF($C$5:C13,C13)
A14: 46248 | B14: Unit test 1 | C14: T12 | D14: =_xlfn.XLOOKUP(C14,Learners!$A$5:$A$200,Learners!$C$5:$C$200,"") | E14: 17 | F14: 25 | G14: =E14/F14 | H14: =C14&"-"&COUNTIF($C$5:C14,C14)
A15: 46283 | B15: Unit test 2 | C15: T01 | D15: =_xlfn.XLOOKUP(C15,Learners!$A$5:$A$200,Learners!$C$5:$C$200,"") | E15: 23 | F15: 25 | G15: =E15/F15 | H15: =C15&"-"&COUNTIF($C$5:C15,C15)
A16: 46283 | B16: Unit test 2 | C16: T02 | D16: =_xlfn.XLOOKUP(C16,Learners!$A$5:$A$200,Learners!$C$5:$C$200,"") | E16: 17 | F16: 25 | G16: =E16/F16 | H16: =C16&"-"&COUNTIF($C$5:C16,C16)
... A38: 46305 | B38: Prelim 1 | C38: T12 | D38: =_xlfn.XLOOKUP(C38,Learners!$A$5:$A$200,Learners!$C$5:$C$200,"") | E38: 37 | F38: 50 | G38: =E38/F38 | H38: =C38&"-"&COUNTIF($C$5:C38,C38)

Sheet Progress card
A1: Printable progress card
A2: Pick a learner ID in B4; up to 6 tests fill from the Tests sheet. Print A1:E20.
A4: Learner ID | B4: T03 | C4: Centre | D4: =Setup!B4
A5: Name | B5: =_xlfn.XLOOKUP($B$4,Learners!$A$5:$A$200,Learners!$B$5:$B$200) | C5: Group | D5: =_xlfn.XLOOKUP(_xlfn.XLOOKUP($B$4,Learners!$A$5:$A$200,Learners!$C$5:$C$200),Setup!$A$7:$A$10,Setup!$B$7:$B$10)
A7: No | B7: Test | C7: Date | D7: Marks | E7: %
A8: 1 | B8: =_xlfn.XLOOKUP($B$4&"-"&A8,Tests!$H$5:$H$500,Tests!$B$5:$B$500,"") | C8: =_xlfn.XLOOKUP($B$4&"-"&A8,Tests!$H$5:$H$500,Tests!$A$5:$A$500,"") | D8: =IF(B8="","",_xlfn.XLOOKUP($B$4&"-"&A8,Tests!$H$5:$H$500,Tests!$E$5:$E$500)&" / "&_xlfn.XLOOKUP($B$4&"-"&A8,Tests!$H$5:$H$500,Tests!$F$5:$F$500)) | E8: =_xlfn.XLOOKUP($B$4&"-"&A8,Tests!$H$5:$H$500,Tests!$G$5:$G$500,"")
A9: 2 | B9: =_xlfn.XLOOKUP($B$4&"-"&A9,Tests!$H$5:$H$500,Tests!$B$5:$B$500,"") | C9: =_xlfn.XLOOKUP($B$4&"-"&A9,Tests!$H$5:$H$500,Tests!$A$5:$A$500,"") | D9: =IF(B9="","",_xlfn.XLOOKUP($B$4&"-"&A9,Tests!$H$5:$H$500,Tests!$E$5:$E$500)&" / "&_xlfn.XLOOKUP($B$4&"-"&A9,Tests!$H$5:$H$500,Tests!$F$5:$F$500)) | E9: =_xlfn.XLOOKUP($B$4&"-"&A9,Tests!$H$5:$H$500,Tests!$G$5:$G$500,"")
A10: 3 | B10: =_xlfn.XLOOKUP($B$4&"-"&A10,Tests!$H$5:$H$500,Tests!$B$5:$B$500,"") | C10: =_xlfn.XLOOKUP($B$4&"-"&A10,Tests!$H$5:$H$500,Tests!$A$5:$A$500,"") | D10: =IF(B10="","",_xlfn.XLOOKUP($B$4&"-"&A10,Tests!$H$5:$H$500,Tests!$E$5:$E$500)&" / "&_xlfn.XLOOKUP($B$4&"-"&A10,Tests!$H$5:$H$500,Tests!$F$5:$F$500)) | E10: =_xlfn.XLOOKUP($B$4&"-"&A10,Tests!$H$5:$H$500,Tests!$G$5:$G$500,"")
A11: 4 | B11: =_xlfn.XLOOKUP($B$4&"-"&A11,Tests!$H$5:$H$500,Tests!$B$5:$B$500,"") | C11: =_xlfn.XLOOKUP($B$4&"-"&A11,Tests!$H$5:$H$500,Tests!$A$5:$A$500,"") | D11: =IF(B11="","",_xlfn.XLOOKUP($B$4&"-"&A11,Tests!$H$5:$H$500,Tests!$E$5:$E$500)&" / "&_xlfn.XLOOKUP($B$4&"-"&A11,Tests!$H$5:$H$500,Tests!$F$5:$F$500)) | E11: =_xlfn.XLOOKUP($B$4&"-"&A11,Tests!$H$5:$H$500,Tests!$G$5:$G$500,"")
A12: 5 | B12: =_xlfn.XLOOKUP($B$4&"-"&A12,Tests!$H$5:$H$500,Tests!$B$5:$B$500,"") | C12: =_xlfn.XLOOKUP($B$4&"-"&A12,Tests!$H$5:$H$500,Tests!$A$5:$A$500,"") | D12: =IF(B12="","",_xlfn.XLOOKUP($B$4&"-"&A12,Tests!$H$5:$H$500,Tests!$E$5:$E$500)&" / "&_xlfn.XLOOKUP($B$4&"-"&A12,Tests!$H$5:$H$500,Tests!$F$5:$F$500)) | E12: =_xlfn.XLOOKUP($B$4&"-"&A12,Tests!$H$5:$H$500,Tests!$G$5:$G$500,"")
A13: 6 | B13: =_xlfn.XLOOKUP($B$4&"-"&A13,Tests!$H$5:$H$500,Tests!$B$5:$B$500,"") | C13: =_xlfn.XLOOKUP($B$4&"-"&A13,Tests!$H$5:$H$500,Tests!$A$5:$A$500,"") | D13: =IF(B13="","",_xlfn.XLOOKUP($B$4&"-"&A13,Tests!$H$5:$H$500,Tests!$E$5:$E$500)&" / "&_xlfn.XLOOKUP($B$4&"-"&A13,Tests!$H$5:$H$500,Tests!$F$5:$F$500)) | E13: =_xlfn.XLOOKUP($B$4&"-"&A13,Tests!$H$5:$H$500,Tests!$G$5:$G$500,"")
A15: Average % | B15: =_xlfn.XLOOKUP($B$4,Learners!$A$5:$A$200,Learners!$K$5:$K$200)
A16: Rank in the centre | B16: =_xlfn.XLOOKUP($B$4,Learners!$A$5:$A$200,Learners!$L$5:$L$200)&" of "&COUNTA(Learners!$A$5:$A$200)
A17: Fee balance (₹) | B17: =_xlfn.XLOOKUP($B$4,Learners!$A$5:$A$200,Learners!$J$5:$J$200)
A20: Tutor's remarks: ______________________________

Sheet Report
A1: Group report
A2: Learners, fees and average test % per group.
A4: Group code | B4: Group | C4: Learners | D4: Fee due (₹) | E4: Paid (₹) | F4: Balance (₹) | G4: Average test %
A5: =Setup!A7 | B5: =Setup!B7 | C5: =COUNTIF(Learners!$C$5:$C$200,A5) | D5: =SUMIFS(Learners!$H$5:$H$200,Learners!$C$5:$C$200,A5) | E5: =SUMIFS(Learners!$I$5:$I$200,Learners!$C$5:$C$200,A5) | F5: =D5-E5 | G5: =AVERAGEIFS(Tests!$G$5:$G$500,Tests!$D$5:$D$500,A5)
A6: =Setup!A8 | B6: =Setup!B8 | C6: =COUNTIF(Learners!$C$5:$C$200,A6) | D6: =SUMIFS(Learners!$H$5:$H$200,Learners!$C$5:$C$200,A6) | E6: =SUMIFS(Learners!$I$5:$I$200,Learners!$C$5:$C$200,A6) | F6: =D6-E6 | G6: =AVERAGEIFS(Tests!$G$5:$G$500,Tests!$D$5:$D$500,A6)
A7: =Setup!A9 | B7: =Setup!B9 | C7: =COUNTIF(Learners!$C$5:$C$200,A7) | D7: =SUMIFS(Learners!$H$5:$H$200,Learners!$C$5:$C$200,A7) | E7: =SUMIFS(Learners!$I$5:$I$200,Learners!$C$5:$C$200,A7) | F7: =D7-E7 | G7: =AVERAGEIFS(Tests!$G$5:$G$500,Tests!$D$5:$D$500,A7)
A8: =Setup!A10 | B8: =Setup!B10 | C8: =COUNTIF(Learners!$C$5:$C$200,A8) | D8: =SUMIFS(Learners!$H$5:$H$200,Learners!$C$5:$C$200,A8) | E8: =SUMIFS(Learners!$I$5:$I$200,Learners!$C$5:$C$200,A8) | F8: =D8-E8 | G8: =AVERAGEIFS(Tests!$G$5:$G$500,Tests!$D$5:$D$500,A8)

Sheet Dashboard
A1: Tuition centre dashboard as of 17 October 2026
A2: Formulas over Learners, Fees and Tests.
A4: Learners | B4: Fees collected | C4: Fee balance | D4: Learners with balance | E4: Average test % | F4: Top learner | G4: Below 60% (needs help)
A5: =COUNTA(Learners!A5:A200) | B5: =SUM(Fees!D5:D500) | C5: =SUM(Learners!$J$5:$J$200) | D5: =COUNTIF(Learners!$J$5:$J$200,">0") | E5: =AVERAGE(Tests!$G$5:$G$500) | F5: =_xlfn.XLOOKUP(1,Learners!$L$5:$L$200,Learners!$B$5:$B$200) | G5: =COUNTIF(Learners!$K$5:$K$200,"<0.6")
